 Dungeon Crawl Stone Soup version 0.20-a0-738-gb057e68 (webtiles) character file.

304 WereVolvo the Poker (level 6, -12/51 HPs)
             Began as a Merfolk Gladiator on Feb 23, 2017.
             Mangled by a gnoll
             ... wielding a +0 halberd
              (15 damage)
             ... on level 4 of the Dungeon.
             The game lasted 00:03:21 (3251 turns).

WereVolvo the Poker (Merfolk Gladiator)             Turns: 3251, Time: 00:03:21

Health: -12/51     AC:  3    Str: 13 (15) XL:     6   Next: 38%
Magic:  6/6        EV: 15    Int:  3 (6)  God:
Gold:   147        SH:  0    Dex: 16 (18) Spells: 5/5 levels left

rFire    . . .     SeeInvis .   a - +0 trident
rCold    . . .     Gourm    .   b - +0 leather armour
rNeg     . . .     Faith    .   (no shield)
rPois    .         Spirit   .   (helmet restricted)
rElec    .         Reflect  .   (no cloak)
rCorr    .         Harm     .   (no gloves)
MR       .....                  (no boots)
Stlth    +.........             (no amulet)
Regen    0.2/turn               (no ring)
MPRegen  0.1/turn               (no ring)

@: no status effects
A: change form in water, swift swim, stealthy swim, antennae 1, agile 1, dopey
1, robust 1
a: no special abilities


You were on level 4 of the Dungeon.
You were not hungry.

You visited 1 branch of the dungeon, and saw 4 of its levels.

You collected 147 gold pieces.

Inventory:

Hand Weapons
 a - a +0 trident (weapon)
Missiles
 d - 3 throwing nets (quivered)
Armour
 b - a +0 leather armour (worn)
 c - a +0 helmet
Jewellery
 j - a +4 ring of dexterity {unknown}
 k - an uncursed ring of wizardry {unknown}
Scrolls
 m - 3 scrolls of teleportation {unknown}
 n - a scroll of enchant weapon {unknown}
 o - a scroll of immolation {unknown}
Potions
 p - a potion of might {unknown}
 s - a potion of curing {unknown}
Comestibles
 f - 4 bread rations
 h - 6 fruits
 l - 2 royal jellies
 q - 2 meat rations
 r - 9 chunks of flesh


   Skills:
 + Level 3.6 Fighting
 * Level 7.4 Polearms
 + Level 3.3 Throwing
 + Level 5.2 Dodging


You had 5 spell levels left.
You didn't know any spells.

Dungeon Overview and Level Annotations

Branches:
Dungeon (4/15)
 Temple: D:4-7

Altars:
Ashenzari
Dithmenos
Elyvilon
Kikubaaqudgha
Vehumet
Yredelemnul
The Shining One

Annotations:
D:4 Menkaure


Innate Abilities, Weirdness & Mutations

You revert to your normal form in water.
You are very nimble and swift while swimming.
You are very stealthy in the water. (Stealth+)
You have a pair of small antennae on your head.
You are agile. (Dex +2)
You are dopey. (Int -2)
You are robust. (+10% HP)


Message History

You feel much better! Menkaure breathes soot at you!
Menkaure hits you!!!!!! * * * don't die
* * * The gnoll hits you from afar with a halberd!!! * * * don't die
* * * Menkaure barely misses you!
Huge Dmg: -17%(-8hp) hp: 7%(3hp) It was a potion of degeneration!
There was something very wrong with that liquid!
You feel weakened!
You feel dopey!
You feel clumsy! The gnoll closely misses you! Menkaure misses you!
It was a potion of mutation!
You feel extremely strange!
You feel agile!
You feel stupid!
A pair of antennae grows on your head!!!
Your +0 helmet falls away!!!
You feel robust! Menkaure misses you!
The gnoll hits you from afar with a halberd!!! rip

#.......#
#.####..##### ..#
#...........# ...
######..#...###.#
#........#.#
#.._..._.#.# #####
# #..........#
#...##.
#._..8.._..#
#......
#.........@###...#
##._..._.##Mg....#
#......)##.g....#
.......####.g....#
....##### ####.†.#
#### #†.......
#...##### ##..#
..#


You could see Menkaure and 3 gnolls.

Vanquished Creatures
  An orc wizard (D:4)
  An orc priest (D:4)
  A centaur skeleton (D:3)
  Natasha (D:3)
  Robin (D:3)
  8 adders
  An ooze (D:2)
  A worm (D:3)
  2 leopard geckos
  10 orcs
  6 bats
  8 giant cockroaches
  10 goblins
  13 hobgoblins
  7 jackals (D:1)
  A quokka (D:3)
  2 ball pythons (D:1)
  3 frilled lizards
  8 kobolds
  6 rats
91 creatures vanquished.

Notes
Turn   | Place    | Note
-------+----------+-------------------------------------------
     0 | D:1      | WereVolvo the Merfolk Gladiator began the quest for the Orb.
     0 | D:1      | Reached XP level 1. HP: 16/16 MP: 1/1
   139 | D:1      | Huge Dmg: 4 Dmg
   220 | D:1      | Reached XP level 2. HP: 15/23 MP: 2/2
   537 | D:1      | Huge Dmg: 3 Dmg
   538 | D:1      | Reached skill level 5 in Polearms
   744 | D:1      | Reached XP level 3. HP: 25/28 MP: 3/3
  1386 | D:2      | Reached XP level 4. HP: 28/34 MP: 4/4
  1948 | D:3      | Reached skill level 6 in Polearms
  1964 | D:3      | Reached XP level 5. HP: 37/40 MP: 5/5
  1979 | D:3      | Found a glowing golden altar of the Shining One.
  2060 | D:3      | Reached skill level 5 in Dodging
  2361 | D:3      | Noticed Natasha
  2367 | D:3      | Killed Natasha
  2751 | D:4      | Noticed Robin
  2753 | D:4      | Reached skill level 7 in Polearms
  2786 | D:3      | Killed Robin
  2922 | D:4      | Reached XP level 6. HP: 41/47 MP: 6/6
  2934 | D:4      | Huge Dmg: 12 Dmg
  3138 | D:4      | Huge Dmg: 16 Dmg
  3215 | D:4      | Found an ancient bone altar of Kikubaaqudgha.
  3217 | D:4      | Found a shadowy altar of Dithmenos.
  3217 | D:4      | Found a white marble altar of Elyvilon.
  3219 | D:4      | Found a radiant altar of Vehumet.
  3220 | D:4      | Found a basalt altar of Yredelemnul.
  3220 | D:4      | Found a shattered altar of Ashenzari.
  3233 | D:4      | Noticed Menkaure
  3247 | D:4      | Huge Dmg: 18 Dmg
  3248 | D:4      | Huge Dmg: 9 Dmg
  3250 | D:4      | Huge Dmg: 8 Dmg
  3251 | D:4      | Gained mutation: You are agile. (Dex +2) [potion of mutation]
  3251 | D:4      | Gained mutation: You are dopey. (Int -2) [potion of mutation]
  3251 | D:4      | Gained mutation: You have a pair of small antennae on your head. [potion of mutation]
  3251 | D:4      | Gained mutation: You are robust. (+10% HP) [potion of mutation]
  3251 | D:4      | Mangled by a gnoll

Vault maps used:
D:1:      dpeg_arrival_another_circle, minmay_split_cup_large
D:3:      nicolae_overflow_crystal_walls, first_bread, uniq_natasha
D:4:      grunt_qazlal_sundering, grunt_temple_overflow_open,
          minmay_temple_entry_enclosed_plants, uniq_robin, uniq_menkaure

Skill      XL: |  1  2  3  4  5 |
---------------+----------------+-----
Polearms       | 5 6 7 |  7.4
Fighting       | 3 |  3.6
Dodging        | 5 |  5.2
Throwing       | 3 |  3.3

Action                   |  1- 3 |  4- 6 || total
-------------------------+-------+-------++-------
Melee: Trident           |   124 |   253 ||   377
  Use: Potion            |       |     5 ||     5
 Stab: Sleeping          |     4 |     2 ||     6
  Eat: Chunk             |     2 |     6 ||     8
Armor: Leather armour    |    32 |    35 ||    67
Dodge: Dodged            |    94 |   172 ||   266
